 Dungeon Crawl Stone Soup version 0.14-a0-2746-g43b4f9c (webtiles) character file.

3731 Bikalo the Reanimator (level 9, -6/68 HPs)
             Began as a Deep Dwarf Necromancer on Feb 19, 2014.
             Was a Believer of Kikubaaqudgha.
             Mangled by a manticore zombie (11 damage)
             ... on Level 9 of the Dungeon on Feb 22, 2014.
             The game lasted 00:48:24 (9384 turns).

Bikalo the Reanimator (Deep Dwarf Necromancer)      Turns: 9384, Time: 00:48:24

HP  -6/68        AC  9     Str 11      XL: 9   Next: 87%
MP   3/23        EV 12     Int 22      God: Kikubaaqudgha [**....]
Gold 93          SH  0     Dex 12 (13) Spells:  7 memorised,  2 levels left

rFire  . . .     SeeInvis .     o - -1,+3 spear of Ikloaddyiki {pierce, +Blink Int+2}
rCold  . . .     Clarity  .     C - +1 robe {MR+}
rNeg   . . .     Conserve .     (no shield)
rPois  .         rCorr    .     (no helmet)
rElec  .         rRot     .     u - +2 cloak {MR+}
SustAb . .       Spirit   .     (no gloves)
rMut   .         Warding  .     (no boots)
Saprov . . .     Stasis   .     (no amulet)
MR     ++...                    z - ring of wizardry
                                I - +3 ring of protection

@: non-regenerating, very resistant to hostile enchantments, fairly stealthy
A: damage resistance, recharge devices, sense surroundings 2, slow healing 3
a: Device Recharging, Receive Corpses, Renounce Religion, Evoke Blink


You were on level 9 of the Dungeon.
You worshipped Kikubaaqudgha.
Kikubaaqudgha was pleased with you.
You were not hungry.

You visited 2 branches of the dungeon, and saw 10 of its levels.

You collected 478 gold pieces.
You spent 385 gold pieces at shops.

Inventory:

Hand weapons
 o - the -1,+3 spear of Ikloaddyiki (weapon) {pierce, +Blink Int+2}
   (You found it on level 6 of the Dungeon)

   It inflicts extra damage upon your enemies.
   It affects your intelligence (+2).
   It lets you blink.
 y - a +2,+4 orcish falchion
Armour
 a - a +0 robe
 u - a +2 cloak of magic resistance (worn)
 C - a +1 robe of magic resistance (worn)
Magical devices
 c - a wand of heal wounds (4)
 r - a wand of magic darts (6) {unknown}
Comestibles
 d - 7 bread rations
 i - 2 meat rations
 l - 5 chokos
 D - an orange
 G - an apple
 M - a honeycomb
 N - 2 pears
Scrolls
 e - a scroll of fog
 f - a scroll of noise {unknown}
 j - 3 scrolls of teleportation
 k - 7 scrolls of identify
 m - a scroll of magic mapping
 n - 3 scrolls of remove curse
 p - a scroll of curse armour {unknown}
 t - 2 scrolls of recharging
 v - 2 scrolls of immolation {unknown}
 x - a scroll of enchant weapon II {unknown}
 K - a scroll of blinking {unknown}
 L - a scroll of fear {unknown}
Jewellery
 q - an uncursed amulet of guardian spirit
 s - the ring "Jentoff" {Str+3 Dex+2}
   (You found it on level 4 of the Dungeon)

   [ring of strength]

   It affects your strength (+3).
   It affects your dexterity (+2).
 z - a ring of wizardry (right hand)
 I - a +3 ring of protection (left hand)
Potions
 h - 2 potions of lignification
 w - a potion of might
 A - a potion of resistance {unknown}
 B - 2 potions of curing
 E - a potion of brilliance {unknown}
 F - a potion of restore abilities {unknown}
Books
 b - a book of Necromancy

   Spells                             Type                      Level
   *Pain                              Necromancy                   1
   Animate Skeleton                   Necromancy                   1
   Lethal Infusion                    Charms/Necromancy            2
   *Vampiric Draining                 Necromancy                   3
   Regeneration                       Charms/Necromancy            3
   *Animate Dead                      Necromancy                   4
   *Control Undead                    Necromancy                   4
 g - a book of Flames

   Spells                             Type                      Level
   Flame Tongue                       Conjuration/Fire             1
   *Throw Flame                       Conjuration/Fire             2
   Conjure Flame                      Conjuration/Fire             3
   Inner Flame                        Hexes/Fire                   3
   Sticky Flame                       Conjuration/Fire             4
   Fireball                           Conjuration/Fire             5
 H - Kikubaaqudgha's Papyrus of Sinister Arts
   (Kikubaaqudgha gifted it to you on level 7 of the Dungeon)

   Spells                             Type                      Level
   Animate Skeleton                   Necromancy                   1
   *Corpse Rot                        Necromancy                   2
   *Sublimation of Blood              Necromancy                   2
   *Vampiric Draining                 Necromancy                   3
   *Control Undead                    Necromancy                   4
 J - a book of Summonings

   Spells                             Type                      Level
   Abjuration                         Summoning                    3
   Recall                             Summoning/Translocation      3
   Summon Elemental                   Summoning                    4
   Shadow Creatures                   Summoning                    5
   Summon Demon                       Summoning                    5
   Summon Ugly Thing                  Summoning                    6


   Skills:
 - Level 2.1 Dodging
 - Level 2.4 Stealth
 + Level 6.4 Spellcasting
 * Level 4.0 Conjurations
 + Level 11.7 Necromancy
 + Level 2.6 Fire Magic
 - Level 4.3 Evocations


You had 2 spell levels left.
You knew the following spells:

 Your Spells              Type           Power        Failure   Level  Hunger
a - Pain                  Necr           ####         1%          1    None
b - Vampiric Draining     Necr           ######....   1%          3    #......
c - Throw Flame           Conj/Fire      ###...       1%          2    None
d - Control Undead        Necr           ######....   1%          4    ###....
e - Sublimation of Blood  Necr           ######....   1%          2    None
f - Corpse Rot            Necr           N/A          1%          2    None
g - Animate Dead          Necr           N/A          1%          4    ###....


Dungeon Overview and Level Annotations

Branches:
Dungeon (9/16)             Temple (1/1) D:5            Lair (0/8) D:8
    Orc: D:9-12

Altars:
Ashenzari
Dithmenos
Elyvilon
Fedhas
Kikubaaqudgha
Makhleb
Nemelex Xobeh
Okawaru
Sif Muna
Trog
Xom
Yredelemnul
Zin
The Shining One

Shops:
D:8 :

Annotations:
D:3 deb's ghost, average HOFi


Innate Abilities, Weirdness & Mutations

You are resistant to damage.
You can recharge devices by infusing magical energy.
You passively map the area around you.
You do not heal naturally.


Message History

The hill giant shouts!
The hill giant moves out of view.
The giant goldfish bites the plant!
A crimson imp comes into view.
The crimson imp shouts!
The crimson imp moves out of view.
An electric eel comes into view.
Something bites the plant!
Something bites the plant.
The crimson imp blinks!
You hit the hill giant.
The hill giant is lightly wounded.
Something bites the plant!
Something bites the plant but does no damage.
The hill giant hits you with a giant club!
* * * LOW HITPOINT WARNING * * *
The manticore zombie barely misses you. The manticore zombie claws you.
The manticore zombie claws you but does no damage.
A jackal comes into view.
The manticore zombie bites you!
You die...
Kikubaaqudgha rasps: "You have failed me!
Welcome... death!"

, , ≈ ≈≈≈.≈≈≈♣♣ , ,
≈≈≈≈h;.≈≈≈≈≈≈ ≈ * ≈≈, * *
* ≈P≈P≈. P≈;≈≈ ≈ ≈ *
≈≈≈;.≈P≈P≈ ≈;≈ ≈≈ ≈≈..,..
, ,.... ♣..♣≈ ≈P≈≈≈ ≈
###### #...♣♣ ≈ ♣≈≈≈ o≈≈
.....##### #5C♣♣♣♣♣≈ ≈♣≈≈
≈≈♣. ####.....####
#Z@.PP≈#####≈♣♣)≈..
#####....#
#......'...#..Zo.(.
####.###......###.#.......
#.>.'......# #.'.......
#####......# ###.......
######## ########


You could see a hill giant, a shark, an electric eel, a crimson imp, a manticore
zombie and a jackal.

Vanquished Creatures
  Erolcha (D:8)
  2 yaks (D:8)
  Eustachio (D:4)
  3 sky beasts
  5 ogres
  A black bear (D:7)
  2 centaurs
  A big kobold (D:7)
  A water moccasin (D:7)
  5 giant frogs
  3 killer bees (D:7)
  3 jellies
  A giant frog zombie (D:5)
  3 crimson imps
  5 hounds
  Crazy Yiuf (D:3)
  3 orc priests
  2 quasits (D:7)
  An iguana (D:6)
  2 scorpions
  4 worker ants
  Ijyb (D:6)
  2 orc skeletons
  7 adders
  A giant mite (D:1)
  2 worms
  A wandering mushroom (D:9)
  A giant eyeball (D:8)
  5 giant geckos
  2 oozes
  21 orcs
  12 goblins
  9 hobgoblins
  6 jackals
  20 kobolds
  2 quokkas
  2 ball pythons
  13 bats
  8 giant cockroaches
  7 giant newts
  18 rats
  A rat skeleton (D:8)
  A rat zombie (D:5)
192 creatures vanquished.

Vanquished Creatures (collateral kills)
  A hungry ghost (D:8)
  A centaur (D:6)
  A giant frog (D:8)
  A quasit (D:7)
  A hound (D:7)
  An orc wizard (D:9)
  2 orcs
  A kobold (D:3)
9 creatures vanquished.

Vanquished Creatures (others)
  A yak zombie (D:8)
  2 giant frog zombies (D:8)
  2 kobold zombies (D:3)
  An orc zombie (D:5)
  A rat zombie (D:3)
7 creatures vanquished.

Grand Total: 208 creatures vanquished

Notes
Turn   | Place    | Note
--------------------------------------------------------------
     0 | D:1      | Bikalo, the Deep Dwarf Necromancer, began the quest for the Orb.
     0 | D:1      | Reached XP level 1. HP: 15/15 MP: 2/2
   241 | D:1      | Reached XP level 2. HP: 20/22 MP: 1/4
   789 | D:1      | Reached skill level 5 in Necromancy
  1075 | D:2      | Reached XP level 3. HP: 20/28 MP: 3/6
  1081 | D:2      | Learned a level 3 spell: Vampiric Draining
  1943 | D:3      | Noticed deb's ghost (average HOFi)
  2239 | D:4      | Noticed Eustachio
  2274 | D:4      | Killed Eustachio
  2274 | D:4      | Reached skill level 6 in Necromancy
  2274 | D:4      | Reached XP level 4. HP: 30/36 MP: 0/9
  2274 | D:4      | Reached XP level 5. HP: 35/42 MP: 0/11
  2533 | D:3      | Learned a level 4 spell: Animate Dead
  2684 | D:3      | Reached skill level 7 in Necromancy
  2684 | D:3      | Reached XP level 6. HP: 35/49 MP: 1/13
  2831 | D:3      | Noticed Crazy Yiuf
  2844 | D:3      | Killed Crazy Yiuf
  3241 | D:4      | Noticed an ogre
  3241 | D:4      | Noticed an ogre
  3466 | D:4      | Got a fine amber ring
  3468 | D:4      | Identified the ring "Jentoff" {Str+3 Dex+2} (You found it on level 4 of the Dungeon)
  4181 | D:5      | Entered Level 5 of the Dungeon
  4431 | D:5      | Reached skill level 8 in Necromancy
  4431 | D:5      | Reached XP level 7. HP: 23/55 MP: 0/17
  5216 | D:5      | Found a staircase to the Ecumenical Temple.
  5264 | Temple   | Entered the Ecumenical Temple
  5397 | Temple   | Became a worshipper of Kikubaaqudgha
  5505 | D:5      | Reached skill level 9 in Necromancy
  6347 | D:6      | Reached XP level 8. HP: 21/62 MP: 0/19
  6444 | D:6      | Reached skill level 5 in Spellcasting
  6658 | D:6      | Upgraded the game from 0.14-a0-2723-gdc5d926 to 0.14-a0-2746-g43b4f9c
  6720 | D:6      | Reached skill level 10 in Necromancy
  6771 | D:6      | Got a twisted spear
  6773 | D:6      | Identified the -1,+3 spear of Ikloaddyiki {pierce, +Blink Int+2} (You found it on level 6 of the Dungeon)
  6969 | D:6      | Reached skill level 1 in Evocations
  7002 | D:6      | Noticed Ijyb
  7007 | D:6      | Killed Ijyb
  7252 | D:6      | Learned a level 4 spell: Control Undead
  7396 | D:7      | Acquired Kikubaaqudgha's first power
  7396 | D:7      | Received a gift from Kikubaaqudgha
  7399 | D:7      | Identified Kikubaaqudgha's Papyrus of Sinister Arts (Kikubaaqudgha gifted it to you on level 7 of the Dungeon)
  7403 | D:7      | Learned a level 2 spell: Sublimation of Blood
  7406 | D:7      | Learned a level 2 spell: Corpse Rot
  7557 | D:7      | Reached skill level 11 in Necromancy
  7617 | D:7      | Gained mutation: You passively map the area around you. [level up]
  7617 | D:7      | Reached XP level 9. HP: 60/68 MP: 14/22
  7846 | D:7      | Found a blossoming altar of Fedhas.
  7846 | D:7      | Found a bloodstained altar of Trog.
  8179 | D:8      | Found a shimmering altar of Xom.
  8201 | D:8      | Found Daeteecw's Book Shoppe.
  8211 | D:8      | Bought a book of Flames for 385 gold pieces
  8215 | D:8      | Learned a level 2 spell: Throw Flame
  8268 | D:8      | Reached skill level 1 in Conjurations
  8383 | D:8      | Reached skill level 1 in Fire Magic
  8594 | D:8      | Found a staircase to the Lair.
  8719 | D:8      | Noticed Erolcha
  8723 | D:8      | Paralysed by a giant eyeball for 4 turns
  8729 | D:8      | Paralysed by a giant eyeball for 4 turns
  8740 | D:8      | Killed Erolcha
  8740 | D:8      | Acquired Kikubaaqudgha's second power
  9270 | D:9      | Found a blossoming altar of Fedhas.
  9379 | D:9      | Noticed a hill giant
  9384 | D:9      | Mangled by a manticore zombie

Action                   |  1- 3 |  4- 6 |  7- 9 || total
-------------------------+-------+-------+-------++-------
Melee: Unarmed           |     6 |       |       ||     6
       Short sword       |    34 |    79 |    36 ||   149
       Falchion          |       |       |    23 ||    23
       Spear             |       |       |   117 ||   117
 Cast: Pain              |    60 |    25 |    91 ||   176
       Vampiric Draining |     8 |    44 |   109 ||   161
       Animate Dead      |       |     4 |     8 ||    12
       Control Undead    |       |       |     4 ||     4
       Corpse Rot        |       |       |     2 ||     2
       Throw Flame       |       |       |    21 ||    21
       Sublimation of Bl |       |       |     1 ||     1
Evoke: Wand              |       |     1 |       ||     1
  Use: Potion            |     1 |     3 |     3 ||     7
       Scroll            |       |    11 |       ||    11
 Stab: Sleeping          |     1 |     2 |     3 ||     6
       Distracted        |       |       |     1 ||     1
